 Dungeon Crawl Stone Soup version 0.30-a0-4-ga7cffc901d (webtiles) character file.

Game seed: 16375691351319421386

58610 Sobieck the Covert (level 14, -9/77 HPs)
             Began as a Vine Stalker Fighter on Aug 20, 2022.
             Was the Champion of Wu Jian.
             Killed by divine providence
             ... invoked by a meliai
              (12 damage)
             ... on level 12 of the Dungeon.
             The game lasted 00:52:00 (16943 turns).

Sobieck the Covert (Vine Stalker Fighter)          Turns: 16943, Time: 00:52:00

Health: -9/77      AC: 31    Str: 19    XL:     14   Next: 91%
Magic:  0/30       EV:  9    Int:  8    God:    Wu Jian [******]
Gold:   1789       SH: 13    Dex: 21    Spells: 22/22 levels left

rFire   + . .      SeeInvis +    z - +0 dagger (distort) {!wshort}
rCold   . . .      Faith    .    c - +1 buckler
rNeg    . . .      Spirit   +    b - +18 Lear's hauberk
rPois   +          Reflect  +    (helmet currently unavailable)
rElec   .          Harm     .    Z - +1 cloak
rCorr   +          Rampage  .    (gloves currently unavailable)
Will    +....                    (boots currently unavailable)
Stlth   +++.......               E - amulet of reflection
HPRegen 1.02/turn                q - ring "Jiruj" {rPois rF+ MP+9 Dex+2 SInv}
MPRegen 0.22/turn                s - ring of Atask {rCorr SInv}

@: no status effects
A: fangs 3, regeneration 1, magic shield, antimagic bite, no potion heal 2
a: Renounce Religion, Wall Jump, Serpent's Lash, Heavenly Storm


You were on level 12 of the Dungeon.
You worshipped Wu Jian.
Wu Jian was exalted by your worship.
You visited 4 branches of the dungeon, and saw 20 of its levels.
You also visited: Gauntlet.

You collected 1953 gold pieces.
You spent 164 gold pieces at shops.


Innate Abilities, Weirdness & Mutations

You have razor-sharp teeth.
Your natural rate of healing is unusually fast.
When hurt, damage is shared between your health and your magic reserves.
Your bite disrupts and absorbs the magic of your enemies.
Potions cannot restore your health.


   Skills:
 + Level 10.8 Fighting
 - Level 14.0 Short Blades
 + Level 8.0 Armour
 + Level 3.7 Dodging
 + Level 14.2 Stealth
 - Level 7.0 Shields
 + Level 4.5 Spellcasting
 - Level 5.0 Evocations


You had 22 spell levels left.
You didn't know any spells.
Your spell library contained the following spells:

 Spells                   Type           Power      Damage    Failure   Level
 Apportation              Tloc           2%         N/A       97%         1
 Magic Dart               Conj           4%         1d3       97%         1
 Shock                    Conj/Air       4%         1d3       97%         1
 Searing Ray              Conj           2%         2d4       99%         2
 Call Canine Familiar     Summ           1%         N/A       100%        3
 Conjure Flame            Conj/Fire      1%         6-21      100%        3
 Gell's Gravitas          Tloc           1%         N/A       100%        3
 Ignite Poison            Fire/Tmut/Pois 1%         N/A       100%        3
 Portal Projectile        Hex/Tloc       2%         N/A       100%        3
 Swiftness                Air            1%         N/A       100%        3
 Teleport Other           Tloc           1%         N/A       100%        3
 Airstrike                Air            0%         2d(1-17)  100%        4
 Fulminant Prism          Conj/Hex       0%         3d6       100%        4
 Iskenderun's Mystic Bla  Conj/Tloc      1%         2d3       100%        4
 Leda's Liquefaction      Hex/Erth       0%         N/A       100%        4
 Sticky Flame             Conj/Fire      1%         2d3       100%        4
 Alistair's Intoxication  Tmut/Pois      0%         N/A       100%        5
 Dispersal                Tloc           0%         N/A       100%        6
 Lehudib's Crystal Spear  Conj/Erth      0%         10d2      100%        8

Inventory:

Hand Weapons
 l - a +1 rapier {short}
 z - a +0 dagger of distortion (weapon) {!wshort}
   (You took it off Sonja on level 1 of the Lair of Beasts)
Missiles
 e - 177 stones (quivered) {throwing}
 t - 42 poisoned darts {throwing}
 I - 8 curare-tipped darts {=fthrowing}
 T - 10 javelins {throwing}
 Y - 9 boomerangs {throwing}
Armour
 b - the +18 Lear's hauberk (worn)
   (You found it on level 6 of the Dungeon)
 c - a +1 buckler (worn)
 k - a +2 helmet
   (You found it on level 1 of the Dungeon)
 r - a +0 troll leather armour
   (You found it on level 6 of the Dungeon)
 w - a +2 pair of gloves
   (You found it on level 2 of the Lair of Beasts)
 Q - a +2 pair of boots
   (You found it on level 5 of the Dungeon)
 Z - a +1 cloak (worn)
   (You took it off Maurice on level 9 of the Dungeon)
Jewellery
 q - the ring "Jiruj" (left hand) {rPois rF+ MP+9 Dex+2 SInv}
   (You took it off an orc wizard on level 7 of the Dungeon)

   [ring of magical power]

   Dex:       It affects your dexterity (+2).
   rF:        It protects you from fire.
   rPois:     It protects you from poison.
   MP:        It affects your magic capacity (+9).
   SInv:      It lets you see invisible.
 s - the ring of Atask (right hand) {rCorr SInv}
   (You found it on level 7 of the Dungeon)

   [ring of resist corrosion]

   SInv:      It lets you see invisible.
   rCorr:     It protects you from acid and corrosion.
 x - the ring "Veucepua" {rF+ Will++ Dex-2 SInv}
   (You found it on level 7 of the Dungeon)

   [ring of see invisible]

   Dex:       It affects your dexterity (-2).
   rF:        It protects you from fire.
   SInv:      It lets you see invisible.
   Will:      It greatly increases your willpower.
 y - a ring of positive energy
   (You found it on level 7 of the Dungeon)
 E - an amulet of reflection (around neck)
   (You found it on level 10 of the Dungeon)
 F - a ring of protection from cold
   (You found it on level 4 of the Dungeon)
 O - a +4 ring of evasion
   (You found it on level 1 of the Lair of Beasts)
 V - a +6 ring of dexterity
   (You found it on level 9 of the Dungeon)
Wands
 v - a wand of polymorph (7)
   (You found it on level 10 of the Dungeon)
 G - a wand of acid (9)
   (You found it on level 3 of the Dungeon)
 L - a wand of mindburst (11)
   (You found it on level 9 of the Dungeon)
 P - a wand of iceblast (11)
   (You found it on level 6 of the Dungeon)
 S - a wand of paralysis (3)
   (You found it on level 1 of the Lair of Beasts)
 X - a wand of digging (5)
   (You took it off Josephine on level 4 of the Lair of Beasts)
Scrolls
 d - 3 scrolls of silence {!r}
 g - 4 scrolls of noise {!r}
 h - 2 scrolls of enchant weapon
 j - 9 scrolls of teleportation {@r4}
 o - 2 scrolls of blinking {!r}
 p - a scroll of immolation {!r!r}
 C - a scroll of vulnerability {!r!r}
 M - a scroll of fear
 N - 5 scrolls of identify {@r1}
 R - 2 scrolls of magic mapping {!r}
Potions
 a - a potion of resistance
 f - 5 potions of mutation {!q}
 m - a potion of magic
 n - 9 potions of brilliance
 u - a potion of flight
 A - a potion of ambrosia
 B - 3 potions of cancellation
 D - a potion of haste {@q3}
 H - 10 potions of curing {@q1}
 J - 5 potions of invisibility
 K - a potion of berserk rage {!q}
 U - 2 potions of lignification {!q}
 W - 5 potions of might
Miscellaneous
 i - a condenser vane
   (You found it on level 2 of the Lair of Beasts)

Dungeon Overview and Level Annotations

Branches:
Dungeon (12/15) Zot: 26399  Temple (1/1) D:5 Zot: 5879    Lair (5/5) D:8 Zot: 25876
  Swamp (0/4) Lair:2       Spider (0/4) Lair:3        Slime (0/5) Lair:4
    Orc (2/2) D:11 Zot: 10436     Elf (0/3) Orc:2       Gauntlet (visited)

Altars:
Dithmenos
Hepliaklqana
Kikubaaqudgha
Okawaru
Qazlal
Ru
Sif Muna
Trog
Uskayaw
Vehumet
Wu Jian
Yredelemnul
Zin
The Shining One
Jiyva

Shops:
D:1 *   D:2 !   D:6 (   D:11 :   Orc:2 !:![

Annotations:
D:4 1 runed translucent door, Crazy Yiuf
D:5 2 transporters, Bitman's ghost, novice HOMo
D:6 1 runed translucent door, Valamore's ghost, novice DsGl
D:8 3 runed translucent doors, ChongLi's ghost, novice DgAE
D:9 exclusions: 2 lava snakes and orange crystal statue
Lair:2 exclusion: oklob plant
Abyss:1 Azrael

..........##.#
###.
...........#.# #.
...........#.# ##
##+#+#...#.#.# ...
....#.#.#.# ###
...##.#.#.# .....
..#.#.# #'##
###.#<# ..~. ..#@#
#~~~#######.#
~~~~~.......#
~~~~~.......#
.~~~....yy..#
..~....JJ...#
........J..y###...
.......J..†~......
.........~~~~#####


You could see a very large slime creature, 2 large slime creatures, a slime
creature and 3 meliai.


Message History

An electric eel comes into view.
Danger!
A slime creature comes into view.
The electric eel shoots out a bolt of lightning at you!
The bolt of electricity hits you but does no damage.
A slime creature comes into view.
A slime creature comes into view.
The slime creature quivers. x2
A slime creature comes into view.
The electric eel shoots out a bolt of lightning at you!
The bolt of electricity hits you.
A slime creature comes into view. x3
The slime creature quivers.
The slime creature quivers. x2
You hit the electric eel.
Space warps horribly around the electric eel!!
You kill the electric eel!
The Council accepts your kill.
You hear a splash.
A slime creature comes into view.
You enter the shallow water.
Moving in this stuff is going to be slow.
A meliai comes into view.
It is wielding a +0 hand axe and carrying a wand of acid (3).
You see here an electric eel corpse.
Unknown command.
A slime creature comes into view.
You spin and attack the slime creature repeatedly.
Your unstable footing causes you to fumble your attack. x3
A meliai comes into view. It is wielding a +0 hand axe.
The slime creature hits you but does no damage.
The slime creature barely misses you.
Unknown command.
You spin and attack the slime creature.
You barely miss the slime creature.
You spin and attack the slime creature repeatedly.
The meliai buzzes angrily.
The slime creature quivers.
You hit the slime creature. You barely miss the slime creature.
You spin and attack the slime creature repeatedly.
You hit the slime creature. x2; Space warps around the slime creature.
The slime creature blinks!
The meliai calls down the wrath of its god upon you.
Something smites you! You block the slime creature's attack.
The slime creature hits you but does no damage.
A meliai comes into view. It is wielding a +0 war axe.
Two slime creatures merge to form a large slime creature.
The slime creature hits you.
The slime creature hits you but does no damage.
Two slime creatures merge to form a large slime creature. x2
The meliai calls down the wrath of its god upon you.
Something smites you!
The slime creature quivers.
Unknown command.
You spin and attack the slime creature repeatedly.
The meliai buzzes angrily.
You hit the slime creature.
Space warps around the slime creature.
You hit the slime creature but do no damage.
Space warps around the slime creature.
You bite the slime creature! You drain its power.
You feel invigorated.
You spin and attack the large slime creature repeatedly.
You hit the large slime creature. You bite the large slime creature!
You drain its power.
You feel invigorated.
You hit the large slime creature but do no damage.
The meliai calls down the wrath of its god upon you.
Something smites you! The slime creature hits you!
The meliai mumbles some strange prayers to its god against you.
Something smites you!
* * * LOW HITPOINT WARNING * * *
The meliai calls down the wrath of its god upon you.
Something smites you!
* * * LOW HITPOINT WARNING * * *
Unknown command.
A large slime creature splits.
Two slime creatures merge to form a very large slime creature.
The meliai mumbles some strange prayers to its god against you.
Something smites you!
* * * LOW HITPOINT WARNING * * *
Unknown command.
You spin and attack the slime creature.
You hit the slime creature.
Space warps horribly around the slime creature!
You bite the slime creature, but do no damage.
The meliai mumbles some strange prayers to its god against you.
Something smites you!
* * * LOW HITPOINT WARNING * * *
Two slime creatures merge to form a large slime creature.
The meliai hits you but does no damage.
The meliai stings you but does no damage.
The meliai invokes the aid of its god against you.
Something smites you!
* * * LOW HITPOINT WARNING * * *
The meliai hits you with a +0 hand axe.
* * * LOW HITPOINT WARNING * * *
The meliai closely misses you.
Unknown command.
Really read
o - 3 scrolls of blinking {!r}?
Blink to where?
Press: ? - help, Dir - move target
As you read the scroll of blinking {!r}, it crumbles to dust.
The meliai mumbles some strange prayers to its god against you.
Something smites you!
You die...

Skill      XL: |  1  2  3  4  5  6  7  8  9 10 11 12 13 14 |
---------------+-------------------------------------------+-----
Short Blades   | 2 3 4 6 8 9 10 11 13 14 | 14.0
Fighting       | 3 4 5 6 7 8 10 | 10.8
Armour         | 3 4 5 6 7 8 |  8.0
Stealth        | 1 3 7 8 9 10 11 13 14 | 14.2
Shields        | 3 4 5 6 7 |  7.0
Evocations     | 1 3 4 5 |  5.0
Spellcasting   | 4 |  4.5
Dodging        | 3 |  3.7

Action                   |  1- 3 |  4- 6 |  7- 9 | 10-12 | 13-15 || total
-------------------------+-------+-------+-------+-------+-------++-------
Melee: Rapier            |    36 |       |       |       |       ||    36
       Bite              |    21 |    28 |   114 |   341 |   353 ||   857
       Dagger            |    47 |    90 |   446 |   914 |   999 ||  2496
Throw: Stone             |     3 |     1 |       |       |       ||     4
Invok: Lunge             |       |       |    25 |    52 |    84 ||   161
       Whirlwind         |       |       |    13 |    80 |   156 ||   249
       Serpent's Lash    |       |       |       |     3 |     2 ||     5
 Abil: Wall Jump         |       |       |    11 |    16 |    14 ||    41
  Use: Scroll            |     3 |     7 |    11 |     6 |     3 ||    30
       Potion            |       |     3 |     1 |       |       ||     4
 Stab: Invisible         |       |     3 |       |       |       ||     3
       Sleeping          |       |       |     5 |     4 |     6 ||    15
       Distracted        |       |       |     1 |       |       ||     1
Armor: Scale mail        |    28 |    29 |       |       |       ||    57
       Ring mail         |       |     8 |    93 |       |       ||   101
       Chain mail        |       |       |   108 |   410 |   239 ||   757
Dodge: Dodged            |    40 |    37 |   132 |   175 |   105 ||   489
Block: Buckler           |    21 |    12 |    94 |   259 |   285 ||   671
       Reflection        |       |       |       |     4 |    10 ||    14

Levels and vault maps discovered:
D:1:      kennysheep_arrival_seaside, layout_basic,
          dreamdust_ecumenical_altar_statues, serial_shops,
          nicolae_shop_temple_entry_statues_fountains
D:2:      layout_loops_corners, serial_shops, shop, minmay_box_of_dots,
          uniq_terence
D:3:      kennysheep_six_static_rooms, layout_basic,
          chequers_hall_statues_wall_a, minmay_misc_feat_chi,
          minmay_fractal_squares_diagonal_5, uniq_ijyb, uniq_sigmund
D:4:      layout_basic, mainiacjoe_overflow_alcove_2, grunt_tough_drop,
          uniq_crazy_yiuf_cottage, uniq_blork_the_orc, uniq_duvessa
D:5:      layout_basic, minmay_temple_entry_mini_moons, gammafunk_ghost_hive,
          nicolae_eternal_life, roderic_batcave
D:6:      layout_basic, serial_shops, shop, ebering_ghost_reflecting_pool,
          minivault_27, hellmonk_guarded_unrand_lears
D:7:      minmay_the_grid_triangle_9x9_rhombus_thin
          [minmay_the_grid_triangle_9x9_descending_squares,
          minmay_the_grid_triangle_9x9_prize_special,
          minmay_the_grid_triangle_9x9_swiss_cheese,
          minmay_the_grid_triangle_9x9_cache], layout_cave_pools, uniq_menkaure
D:8:      layout_cave_pools, david_lair_generic, gammafunk_ghost_icy,
          minmay_misc_feat_more_columns
D:9:      layout_roguey, serial_demonic, serial_demonic_e, serial_demonic_f,
          serial_demonic_a, serial_demonic_f, disabler_island, uniq_maurice,
          uniq_grum
D:10:     layout_irregular_city
D:11:     layout_long_grid, orc_0_dummy, serial_shops, shop, uniq_psyche
D:12:     minmay_outward_triangles, layout_basic,
          nicolae_kite_square_tiling_tiny, uniq_erolcha, uniq_azrael
Temple:   roderic_octagonal_lattice_temple
Lair:1:   layout_roguey, gauntlet_entry_generic, uniq_nergalle, uniq_sonja
Lair:2:   layout_roguey, minmay_swamp_entry_swarm, portal_ice_cave_rime,
          lemuel_oklob_altar, grunt_megastairs_2
Lair:3:   layout_chaotic_city, hellmonk_spider_entry_not_the_bees
Lair:4:   layout_roguey, slime_entry_1, serial_bayou_shore_a, uniq_urug,
          uniq_nessos, uniq_josephine
Lair:5:   minmay_lair_end_enchanted_forest, layout_misc_corridors
Orc:1:    layout_diamond_mine
Orc:2:    kennysheep_orc_mage_school, layout_caves

Notes
Turn   | Place    | Note
-------+----------+-------------------------------------------
     0 | D:1      | Sobieck the Vine Stalker Fighter began the quest for the
                  | Orb.
     0 | D:1      | Reached XP level 1. HP: 11/11 MP: 2/2
    21 | D:1      | Found a faded altar of an unknown god.
   227 | D:1      | Reached skill level 2 in Short Blades
   308 | D:1      | Reached XP level 2. HP: 16/16 MP: 3/3
   424 | D:1      | Reached skill level 3 in Fighting
   535 | D:1      | Found Neesuja's General Store.
   548 | D:1      | Bought a scroll of identify for 24 gold pieces
   661 | D:1      | Reached XP level 3. HP: 20/20 MP: 4/4
   817 | D:2      | You add the spells Gell's Gravitas, Teleport Other and
                  | Dispersal to your library.
  1032 | D:2      | Noticed Terence
  1049 | D:2      | Killed Terence
  1050 | D:2      | Reached skill level 3 in Armour
  1050 | D:2      | Gained mutation: Your natural rate of healing is unusually
                  | fast. [Vine Stalker growth]
  1050 | D:2      | Reached XP level 4. HP: 11/24 MP: 5/5
  1111 | D:2      | Found Xukhlaf's Distillery.
  1116 | D:2      | Bought a potion of flight for 36 gold pieces
  2010 | D:3      | Noticed Ijyb
  2011 | D:3      | Noticed an orc warrior
  2101 | D:2      | Killed Ijyb
  2102 | D:2      | Reached skill level 3 in Short Blades
  2102 | D:2      | Reached XP level 5. HP: 29/29 MP: 6/6
  2128 | D:3      | HP: 4/29 [orc warrior/+0 war axe (9)]
  2129 | D:3      | Killed an orc warrior
  2130 | D:3      | Reached skill level 4 in Fighting
  2130 | D:3      | Reached XP level 6. HP: 5/33 MP: 1/7
  2284 | D:3      | Noticed Sigmund
  2351 | D:4      | Noticed Duvessa
  2352 | D:4      | Noticed Dowan
  2383 | D:4      | Killed Duvessa
  2411 | D:4      | Killed Dowan
  2412 | D:4      | Reached skill level 4 in Armour
  2498 | D:4      | Noticed a black bear
  2507 | D:4      | Killed a black bear
  2508 | D:4      | Reached skill level 4 in Short Blades
  2508 | D:4      | Reached skill level 1 in Stealth
  2508 | D:4      | Reached XP level 7. HP: 38/38 MP: 8/8
  2578 | D:4      | Found an iron altar of Okawaru.
  2726 | D:4      | Noticed Blork the orc
  2736 | D:4      | Killed Blork the orc
  2737 | D:4      | Reached skill level 2 in Stealth
  2989 | D:4      | Reached skill level 5 in Fighting
  3031 | D:4      | Found a runed translucent door.
  3032 | D:4      | Noticed Crazy Yiuf
  3375 | D:3      | Reached skill level 3 in Stealth
  3419 | D:3      | Killed Sigmund
  3420 | D:3      | Gained mutation: You have razor-sharp teeth. [Vine Stalker
                  | growth]
  3420 | D:3      | Reached XP level 8. HP: 43/43 MP: 9/9
  4150 | D:5      | Entered Level 5 of the Dungeon
  4152 | D:5      | Found a staircase to the Ecumenical Temple.
  4159 | Temple   | Entered the Ecumenical Temple
  4261 | Temple   | Became a worshipper of the Wu Jian Council
  4300 | D:5      | Reached skill level 5 in Short Blades
  4300 | D:5      | Reached skill level 4 in Stealth
  4442 | D:5      | Noticed Bitman's ghost (novice HOMo)
  4458 | D:5      | Found a transporter.
  4463 | D:5      | Found a transporter.
  4654 | D:5      | Reached skill level 5 in Stealth
  4752 | D:5      | Reached * piety under Wu Jian
  4787 | D:5      | Reached skill level 6 in Fighting
  5316 | D:6      | Reached skill level 6 in Stealth
  5480 | D:6      | Reached skill level 6 in Short Blades
  5596 | D:6      | Noticed a troll
  5611 | D:6      | Killed a troll
  5612 | D:6      | Reached skill level 7 in Stealth
  5612 | D:6      | Reached XP level 9. HP: 34/48 MP: 7/10
  5661 | D:6      | Found the +18 Lear's hauberk
  5708 | D:6      | Found Daobatt's Weapon Shoppe.
  5794 | D:6      | Reached ** piety under Wu Jian
  6001 | D:6      | Reached skill level 7 in Short Blades
  6001 | D:6      | Reached skill level 8 in Stealth
  6028 | D:6      | Found a runed translucent door.
  6033 | D:6      | Noticed Valamore's ghost (novice DsGl)
  6249 | D:7      | Reached skill level 8 in Short Blades
  6518 | D:7      | Reached skill level 3 in Shields
  6534 | D:7      | Reached skill level 1 in Evocations
  6556 | D:7      | Noticed Menkaure
  6575 | D:7      | Killed Menkaure
  6599 | D:7      | You pick up a book of Party Tricks and begin reading...
  6599 | D:7      | You add the spells Apportation and Alistair's Intoxication
                  | to your library.
  6629 | D:7      | Reached XP level 10. HP: 53/53 MP: 11/11
  6864 | D:7      | Noticed a manticore
  6873 | D:7      | Killed a manticore
  6874 | D:7      | Reached skill level 2 in Evocations
  6885 | D:7      | Noticed a two-headed ogre
  6888 | D:7      | Identified the ring of Atask {rCorr SInv}
  6888 | D:7      | Noticed a deep elf pyromancer
  6893 | D:7      | Identified the ring "Wyheappu" {rPois Int+6}
  6909 | D:7      | Killed a deep elf pyromancer
  7043 | D:7      | Reached *** piety under Wu Jian
  7062 | D:7      | Killed a two-headed ogre
  7063 | D:7      | Reached skill level 9 in Short Blades
  7063 | D:7      | Reached skill level 5 in Armour
  7063 | D:7      | Reached skill level 9 in Stealth
  7063 | D:7      | Reached skill level 4 in Shields
  7155 | D:7      | Identified the ring "Jiruj" {rPois rF+ MP+9 Dex+2 SInv}
  7227 | D:7      | Identified the ring "Veucepua" {rF+ Will++ Dex-2 SInv}
  7315 | D:7      | Reached skill level 3 in Evocations
  7505 | D:8      | Found a staircase to the Lair.
  7734 | D:8      | Found a runed translucent gate.
  7734 | D:8      | Found a runed translucent gate.
  7734 | D:8      | Found a runed translucent gate.
  7932 | D:8      | Noticed ChongLi's ghost (novice DgAE)
  7977 | D:9      | Noticed a sixfirhy
  7995 | D:8      | Killed a sixfirhy
  7996 | D:8      | Reached skill level 7 in Fighting
  7996 | D:8      | Reached XP level 11. HP: 39/58 MP: 12/12
  8079 | D:9      | You pick up a book of Conjurations {@e2} and begin
                  | reading...
  8079 | D:9      | You add the spells Magic Dart, Searing Ray and Fulminant
                  | Prism to your library.
  8085 | D:9      | Noticed Grum
  8109 | D:9      | Killed Grum
  8139 | D:9      | Reached **** piety under Wu Jian
  8316 | D:9      | Noticed Maurice
  8329 | D:9      | Killed Maurice
  8385 | D:9      | Noticed an orange crystal statue
  8597 | D:9      | Reached skill level 10 in Stealth
  8597 | D:9      | Reached skill level 4 in Evocations
  8629 | D:9      | Reached skill level 10 in Short Blades
  8713 | D:9      | Reached skill level 5 in Shields
  9011 | D:10     | Entered Level 10 of the Dungeon
  9268 | D:10     | Noticed a two-headed ogre
  9280 | D:10     | Killed a two-headed ogre
  9388 | D:10     | Noticed a centaur warrior
  9405 | D:10     | Killed a centaur warrior
  9470 | D:10     | You add the spells Conjure Flame, Ignite Poison and Sticky
                  | Flame to your library.
  9795 | D:11     | Found Keschy's Book Shoppe.
  9832 | D:11     | Found a staircase to the Orcish Mines.
  9846 | D:11     | You add the spells Iskenderun's Mystic Blast and Lehudib's
                  | Crystal Spear to your library.
  9846 | D:11     | Got Asmodeus's Omnibus of Outbursts
  9964 | D:11     | Reached skill level 6 in Armour
  9972 | D:11     | Noticed a manticore
  9991 | D:11     | Killed a manticore
 10183 | D:11     | Noticed Psyche
 10185 | D:11     | Killed Psyche
 10289 | D:11     | Identified the +0 helmet "Estri" {*Slow Str+3 SInv}
 10438 | D:12     | Reached XP level 12. HP: 64/64 MP: 13/13
 10441 | D:12     | Noticed Azrael
 10476 | D:12     | HP: 8/64 [Azrael/damnation (18)]
 10665 | Lair:1   | Entered Level 1 of the Lair of Beasts
 10734 | Lair:1   | Noticed Sonja
 10746 | Lair:1   | Killed Sonja
 10747 | Lair:1   | Reached skill level 5 in Evocations
 10775 | Lair:1   | Found a gate leading to a gauntlet.
 10775 | Lair:1   | Noticed Nergalle
 10779 | Lair:1   | Killed Nergalle
 10785 | Gauntlet | Entered a Gauntlet
 10785 | Gauntlet | Found a transporter.
 10788 | Gauntlet | Found a transporter.
 10792 | Gauntlet | Found a transporter.
 10797 | Gauntlet | Found a transporter.
 10805 | Gauntlet | Found a transporter.
 10805 | Gauntlet | Found a transporter.
 10816 | Gauntlet | Found a transporter.
 10817 | Gauntlet | Found a transporter.
 10821 | Gauntlet | Found a runed translucent door.
 10821 | Gauntlet | Found a runed translucent door.
 10825 | Gauntlet | Found a transporter.
 10829 | Gauntlet | Found a transporter.
 10831 | Gauntlet | Noticed a dire elephant
 10832 | Gauntlet | Noticed a blizzard demon
 10838 | Gauntlet | Found a transporter.
 10858 | Gauntlet | Found a transporter.
 10870 | Gauntlet | Found a transporter.
 10884 | Gauntlet | Found a transporter.
 10888 | Gauntlet | Found a runed translucent door.
 11019 | Lair:1   | Reached skill level 8 in Fighting
 11019 | Lair:1   | Reached skill level 11 in Stealth
 11042 | Lair:1   | Reached skill level 11 in Short Blades
 11141 | Lair:1   | Reached skill level 6 in Shields
 11241 | Lair:1   | You fall into a shaft and drop 1 floor!
 11594 | Lair:2   | Found a glowing silver altar of Zin.
 11680 | Lair:2   | Found a frozen archway.
 11747 | Lair:2   | Found a staircase to the Swamp.
 11773 | Lair:2   | Reached skill level 7 in Armour
 11824 | Lair:2   | Reached XP level 13. HP: 69/69 MP: 14/14
 11921 | Lair:2   | Reached skill level 12 in Stealth
 12153 | Lair:2   | Reached skill level 12 in Short Blades
 12341 | Lair:3   | Reached skill level 7 in Shields
 12513 | Lair:3   | Found a hole to the Spider Nest.
 12534 | Lair:3   | You pick up a book of the Hunter and begin reading...
 12534 | Lair:3   | You add the spells Call Canine Familiar, Portal Projectile
                  | and Leda's Liquefaction to your library.
 13016 | Lair:4   | Noticed Josephine
 13023 | Lair:4   | Reached skill level 9 in Fighting
 13054 | Lair:4   | Killed Josephine
 13070 | Lair:4   | You pick up a book of Air and begin reading...
 13070 | Lair:4   | You add the spells Shock, Swiftness and Airstrike to your
                  | library.
 13383 | Lair:4   | Found a staircase to the Slime Pits.
 13383 | Lair:4   | Found a viscous altar of Jiyva.
 13714 | Lair:5   | Entered Level 5 of the Lair of Beasts
 13778 | Lair:5   | Reached skill level 13 in Short Blades
 13778 | Lair:5   | Reached skill level 13 in Stealth
 14052 | Lair:5   | Reached skill level 10 in Fighting
 14125 | Lair:5   | Reached XP level 14. HP: 77/77 MP: 15/15
 14126 | Lair:5   | Reached skill level 14 in Short Blades
 14161 | Lair:5   | Reached ***** piety under Wu Jian
 14403 | Lair:5   | Reached skill level 1 in Spellcasting
 14438 | Lair:5   | Reached skill level 1 in Dodging
 14531 | Lair:5   | Reached skill level 2 in Spellcasting
 14645 | Lair:5   | Reached skill level 2 in Dodging
 15044 | Orc:1    | Entered Level 1 of the Orcish Mines
 15158 | Orc:1    | Noticed an orc warlord
 15236 | Orc:1    | Killed an orc warlord
 15237 | Orc:1    | Reached skill level 3 in Spellcasting
 15595 | Orc:1    | Reached ****** piety under Wu Jian
 15791 | Orc:2    | Entered Level 2 of the Orcish Mines
 15995 | Orc:2    | Reached skill level 3 in Dodging
 16110 | Orc:2    | Found a staircase to the Elven Halls.
 16362 | Orc:2    | Found Herrukk's Antique Armour Emporium.
 16407 | Orc:2    | Found an ancient bone altar of Kikubaaqudgha.
 16417 | Orc:2    | Found Noedghi's Distillery.
 16421 | Orc:2    | Reached skill level 14 in Stealth
 16424 | Orc:2    | Reached skill level 4 in Spellcasting
 16440 | Orc:2    | Found a radiant altar of Vehumet.
 16506 | Orc:2    | Found Tecanipn's Book Shoppe.
 16524 | Orc:2    | Found Hisodd's Distillery.
 16557 | Orc:2    | Bought a potion of magic for 104 gold pieces
 16797 | D:12     | Banished Azrael
 16797 | D:12     | Reached skill level 8 in Armour
 16882 | D:12     | Noticed Erolcha
 16894 | D:12     | Killed Erolcha
 16940 | D:12     | HP: 16/77 [meliai/divine providence (7)]
 16942 | D:12     | HP: 5/77 [meliai/divine providence (7)]
 16942 | D:12     | HP: 2/77 [meliai/+0 hand axe (3)]
 16943 | D:12     | Killed from afar by a meliai

Vanquished Creatures
  An orc warlord (Orc:1)
  Josephine (Lair:4)
  A boulder beetle (Lair:5)
  Erolcha (D:12)
  2 hydras (Lair:5)
  2 two-headed ogres
  2 ogre magi (Orc:2)
  A centaur warrior (D:10)
  A catoblepas (Lair:5)
  4 death yaks (Lair:5)
  Sonja (Lair:1)
  Nergalle (Lair:1)
  A sixfirhy (D:8)
  6 orc sorcerers
  2 manticores
  A rust devil (D:9)
  3 black mambas
  4 elephants (Lair:5)
  Maurice (D:9)
  11 komodo dragons
  A torpor snail (Lair:4)
  5 cane toads
  Psyche (D:11)
  3 unseen horrors
  4 rime drakes
  A red devil (D:9)
  4 polar bears
  3 hornets (Lair:5)
  A meliai (Lair:3)
  5 trolls
  14 blink frogs
  8 dream sheep
  Sigmund (D:3)
  9 spriggans (Lair:5)
  3 wyverns
  15 yaks
  4 wraiths
  2 fire elementals (D:12)
  2 basilisks
  12 vampire mosquitoes
  A chaos spawn (D:9)
  Grum (D:9)
  Menkaure (D:7)
  2 wargs
  3 hell hounds (D:12)
  2 acid dragons
  Duvessa (D:4)
  4 water moccasins
  2 sky beasts (D:7)
  18 orc warriors
  3 ice beasts
  9 black bears
  3 boggarts (Lair:5)
  23 wolves
  9 ogres
  9 centaurs
  2 phantoms
  Blork the orc (D:4)
  13 bullfrogs
  4 kobold brigands
  2 scorpions
  5 wights (D:9)
  Dowan (D:4)
  10 killer bees
  A vampire bat (D:5)
  A howler monkey (D:9)
  An electric eel (D:12)
  2 quasits (D:9)
  2 jellies
  A gnoll bouda (D:7)
  5 orc priests
  2 hounds
  Terence (D:2)
  Ijyb (D:2)
  4 hell rats (Lair:5)
  2 iguanas
  33 orc wizards
  9 adders
  8 gnolls
  2 shadow imps
  2 white imps
  4 ufetubi
  6 worms
  2 dart slugs (D:1)
  66 orcs
  3 endoplasms (D:3)
  6 giant cockroaches
  6 goblins
  4 hobgoblins
  A jackal (D:4)
  7 quokkas
  5 ball pythons
  13 bats
  6 frilled lizards
  19 kobolds
  2 rats
501 creatures vanquished.

Vanquished Creatures (others)
  A deep elf pyromancer (D:7)
  2 orc wizards (Orc:2)
  17 fungi
  16 plants
36 creatures vanquished.

Grand Total: 537 creatures vanquished

Table legend:
 A = Non-vault XP
 B = Vault XP
 C = Vault XP percentage of total XP
 D = Non-vault monster count
 E = Vault monster count
 F = Vault count percentage of total count
                 A         B        C        D         E       F
            +---------+---------+-------+---------+---------+-------
      Total |   50795 |   32934 |  39.3 |     363 |     175 |  32.5
            +---------+---------+-------+---------+---------+-------
        D:1 |      34 |       0 |   0.0 |      18 |       0 |   0.0
        D:2 |      21 |      81 |  79.4 |       6 |       6 |  50.0
        D:3 |     106 |     400 |  79.1 |      22 |      14 |  38.9
        D:4 |     173 |     455 |  72.5 |       8 |       9 |  52.9
        D:5 |     520 |      66 |  11.3 |      16 |       9 |  36.0
        D:6 |     882 |     291 |  24.8 |      26 |       1 |   3.7
        D:7 |    2049 |    3554 |  63.4 |      30 |      17 |  36.2
        D:8 |     522 |     767 |  59.5 |      14 |       1 |   6.7
        D:9 |    1246 |    1924 |  60.7 |      17 |       9 |  34.6
       D:10 |    3102 |       0 |   0.0 |      13 |       0 |   0.0
       D:11 |    1754 |     371 |  17.5 |      11 |       1 |   8.3
       D:12 |    1720 |    2700 |  61.1 |       7 |       7 |  50.0
     Lair:1 |    6273 |    1543 |  19.7 |      23 |       2 |   8.0
     Lair:2 |    4018 |    2759 |  40.7 |      19 |      11 |  36.7
     Lair:3 |    1777 |     751 |  29.7 |       9 |       6 |  40.0
     Lair:4 |    4760 |    1723 |  26.6 |      15 |       5 |  25.0
     Lair:5 |   14425 |    8798 |  37.9 |      36 |      45 |  55.6
      Orc:1 |    6254 |       0 |   0.0 |      52 |       0 |   0.0
      Orc:2 |    1159 |    6751 |  85.3 |      21 |      32 |  60.4
            +---------+---------+-------+---------+---------+-------

Illustrated notes

Table legend:
 A = Kills in this place as a percentage of kills in entire the game.
 B = Kills by you in this place as a percentage of kills by you in the entire game.
 C = Kills by friends in this place as a percentage of kills by friends in the entire game.
 D = Other kills in this place as a percentage of other kills in the entire game.
 E = Experience gained in this place as a percentage of experience gained in the entire game.
 F = Experience gained in this place divided by the number of levels of this place that you have seen.
                   A       B       C       D       E      F
               +-------+-------+-------+-------+-------+----------------------
         Total | 100.0 | 100.0 |   N/A | 100.0 | 100.0 | 3987.1
       Dungeon |  48.7 |  51.7 |   N/A |   8.1 |  27.2 | 1894.8
          Lair |  31.8 |  29.7 |   N/A |  59.5 |  55.9 | 9365.4
  Orcish Mines |  19.5 |  18.6 |   N/A |  32.4 |  16.9 | 7082.0
               +-------+-------+-------+-------+-------+----------------------

Table legend: (Time is in decaauts)
 A = Elapsed time spent in this place.
 B = Non-inter-level travel time spent in this place.
 C = Inter-level travel time spent in this place.
 D = Time resting spent in this place.
 E = Time spent auto-exploring this place.
 F = Levels seen in this place.
 G = Mean time per level.
                   A        B        C        D        E       F      G
               +--------+--------+--------+--------+--------+-----+--------+
         Total |  16454 |  15465 |    989 |    339 |  11299 |  21 |  783.5 |
       Dungeon |  10679 |  10013 |    666 |    271 |   7577 |  12 |  889.9 |
        Temple |    120 |    102 |     18 |      0 |     66 |   1 |  120.0 |
          Lair |   3871 |   3692 |    179 |      7 |   2630 |   5 |  774.2 |
  Orcish Mines |   1563 |   1437 |    126 |     61 |    935 |   2 |  781.5 |
      Gauntlet |    218 |    218 |      0 |      0 |     91 |   1 |  218.0 |
               +--------+--------+--------+--------+--------+-----+--------+

Top non-repeatable levels by time:
     D:4: 1172 daAuts
     D:3: 1106 daAuts
  Lair:5: 1091 daAuts
     D:7: 1067 daAuts
     D:2: 1051 daAuts
     D:6: 960 daAuts
     D:9: 958 daAuts
     D:5: 940 daAuts
    D:11: 889 daAuts
    D:10: 809 daAuts
     D:1: 798 daAuts
   Orc:2: 792 daAuts
   Orc:1: 771 daAuts
  Lair:2: 738 daAuts
     D:8: 723 daAuts
